 Dungeon Sprint DCSS version 0.31.0-12-g77e489cdc1 (webtiles) character file.

Game seed: 9322533837603334953

900000 Groucho the Sneak (level 1, -27/16 HPs)
             Began as a Formicid Brigand on Feb 21, 2024.
             Was an Initiate of Makhleb.
             Annihilated by a meat berserker
             ... wielding a +9 battleaxe
              (43 damage)
             ... in the Dungeon (Sprint VIII: "Arena of Blood").
             The game lasted 00:00:42 (9 turns).

Groucho the Sneak (Formicid Brigand)                   Turns: 9, Time: 00:00:42

Health: -27/16     AC:  3    Str: 15    XL:     1   Next: 0%
Magic:  1/1        EV: 11    Int: 10    God:    Makhleb [......]
Gold:   0          SH:  0    Dex: 15    Spells: 0/0 levels left

rFire   . . .        i - +∞ Axe of Woe
rCold   . . .        (no shield)
rNeg    . . .        b - +0 robe
rPois   .            (helmet unavailable)
rElec   .            c - +0 cloak
rCorr   .            (no gloves)
SInv    +            (no boots)
Will    .....        (no amulet)
Stlth   +++          (no ring)
HPRegen 0.22/turn    (no ring)
MPRegen 0.07/turn

%: no passive effects
@: no status effects
A: permanent stasis, dig shafts and tunnels, antennae 3, four strong arms
a: Dig, Renounce Religion


You were in the Dungeon.
You worshipped Makhleb.
Makhleb was noncommittal.
You visited 1 branch

Inventory:

Hand Weapons
 a - a +2 dagger
 i - the +∞ Axe of Woe (weapon)
   (You found it in the Dungeon)
Missiles
 d - 9 poisoned darts (quivered)
 e - 3 curare-tipped darts
Armour
 b - a +0 robe (worn)
 c - a +0 cloak (worn)
Potions
 f - a potion of curing
 g - a potion of heal wounds
 h - 2 potions of magic


   Skills:
 - Level 2.1 Fighting
 - Level 2.0 Short Blades
 + Level 0.0 Axes
 - Level 2.0 Throwing
 - Level 0.8 Dodging
 - Level 4.8 Stealth


You couldn't memorise any spells.
You didn't know any spells.
Your spell library was empty.

Dungeon Overview and Level Annotations

Branches:
Dungeon (1/1)

Altars:
Makhleb


Innate Abilities, Weirdness & Mutations

You cannot be hasted, slowed, berserked, paralysed or teleported.
You can dig through walls and to a lower floor.
You have a pair of large antennae on your head. (SInv)
Your four strong arms can wield two-handed weapons with a shield.


Message History

Welcome, Groucho the Formicid Brigand. [Dungeon Sprint] Press ? for a list of commands and other information.
Found the +∞ Axe of Woe.
Found four burning altars of Makhleb.
Found a staircase leading out of the dungeon.
Unknown command.
Unknown command.
Unknown command.
i - the +∞ Axe of Woe
i - the +∞ Axe of Woe (weapon)
A bag of meat comes into view. It is wielding a +9 war axe. x2
A meat berserker comes into view. It is wielding a +9 battleaxe.
A bag of meat comes into view. It is wielding a +9 war axe.
There is a burning altar of Makhleb here.
You kneel at the altar of Makhleb.
Makhleb welcomes you!
A bag of meat comes into view. It is wielding a +9 war axe.
A meat berserker comes into view. It is wielding a +9 battleaxe.
The meat berserker rages. x2
There is a staircase leading out of the dungeon here.
The meat berserker rages.
A bag of meat comes into view. It is wielding a +9 war axe.
The meat berserker rages.
The bag of meat moves out of view.
You aren't carrying any scrolls.
Unknown command.
You aren't carrying any scrolls.
Unknown command.
You aren't carrying any scrolls.
Unknown command.
You hit the meat berserker.
You pulverise the meat berserker into a thin bloody mist.
You kill the meat berserker!
Makhleb accepts your kill.
The meat berserker appears out of thin air!
A meat berserker comes into view. It is wielding a +9 battleaxe.
The meat berserker shouts!
The meat berserker hits you with a +9 battleaxe!!!
Ouch! That really hurt!
You die...

...o .... ...
..... #.O ...#,
. #.. ...# .
..###.. ...###..
.......###......
.......@_......
.....#.O...#...
... #_.<._# .
#.....#
.....o_.....
.....o###......
{###.., ...###..
{ #.. ...# . #..
.o.#,


You could see 2 meat berserkers and 3 bags of meat.

Vanquished Creatures
  An ogre (D)
1 creature vanquished.

Notes
Turn   | Place    | Note
-------+----------+-------------------------------------------
     0 | D        | Found the +∞ Axe of Woe
     0 | D        | Groucho the Formicid Brigand began the quest for the Orb.
     0 | D        | Reached XP level 1. HP: 16/16 MP: 1/1
     2 | D        | Noticed a bag of meat
     2 | D        | Noticed a bag of meat
     3 | D        | Noticed a meat berserker
     3 | D        | Noticed a bag of meat
     4 | D        | Became a worshipper of Makhleb the Destroyer
     4 | D        | Noticed a bag of meat
     5 | D        | Noticed a meat berserker
     8 | D        | Noticed a bag of meat
     9 | D        | Killed a meat berserker
     9 | D        | Noticed a meat berserker
     9 | D        | Annihilated by a meat berserker

Illustrated notes

Levels and vault maps discovered:
D:        meatsprint

Action                     || total
---------------------------++-------
  Melee: Executioner's axe ||     1
 Armour: Robe              ||     1
